 Dungeon Crawl Stone Soup version 0.17-a0-1798-g879a7aa (webtiles) character file.

569 KambridgeKobold the Covered (level 7, -3/57 HPs)
             Began as a Minotaur Fighter on Sept 10, 2015.
             Was a Follower of Cheibriados.
             Slain by orochimarko's ghost (7 damage)
             ... on level 4 of the Dungeon.
             The game lasted 00:10:39 (3503 turns).

KambridgeKobold the Covered (Minotaur Fighter)      Turns: 3503, Time: 00:10:39

Health: -3/57      AC: 13    Str: 20 (23) XL:     7   Next: 11%
Magic:  2/6        EV:  6    Int:  7      God:    Cheibriados [*.....]
Gold:   127        SH: 10    Dex: 13      Spells: 0 memorised, 6 levels left

rFire  + . .     SeeInvis .     a - +0 long sword
rCold  . . .     Clarity  .     r - +0 chain mail
rNeg   . . .     SustAt   .     c - +0 shield
rPois  +         Gourm    .     (helmet restricted)
rElec  .         Spirit   .     k - +2 cloak
rCorr  .         Warding  .     (no gloves)
rMut   .         Stasis   .     (no boots)
MR     .....                    (no amulet)
Stlth  ..........               B - ring of protection from fire
                                t - ring of poison resistance

@: flying, very slow, not resistant to hostile enchantments, extremely
unstealthy
A: retaliatory headbutt, horns 2
a: Bend Time, Renounce Religion


You were on level 4 of the Dungeon.
You worshipped Cheibriados.
Cheibriados was aware of your devotion.
You were not hungry.

You visited 1 branch of the dungeon, and saw 5 of its levels.

You collected 127 gold pieces.

Inventory:

Hand weapons
 a - a +0 long sword (weapon)
 m - a +2 short sword of venom
Armour
 c - a +0 shield (worn)
 k - a +2 cloak (worn)
 r - a +0 chain mail (worn)
Jewellery
 t - a ring of poison resistance (left hand)
 B - a ring of protection from fire (right hand)
Magical devices
 y - a wand of confusion (20)
Scrolls
 b - a scroll of teleportation {unknown}
 h - a scroll of enchant armour
 i - a scroll of enchant weapon {unknown}
 j - a scroll of identify {unknown}
 l - a scroll of fog {unknown}
 o - 2 scrolls of blinking {unknown}
 q - a scroll of magic mapping {unknown}
 u - a scroll of recharging {unknown}
 z - a scroll of remove curse {unknown}
Potions
 d - 2 potions of might
 f - a potion of lignification {unknown}
 g - a potion of brilliance
 p - a potion of cancellation {unknown}
 w - a potion of resistance {unknown}
 x - a potion of agility {unknown}
Books
 A - a book of the Tempests

   Spells                             Type                      Level
   a - Static Discharge               Conjuration/Air              3
   b - Lightning Bolt                 Conjuration/Air              5
   c - Fireball                       Conjuration/Fire             5
   d - Tornado                        Air                          9
   e - Shatter                        Earth                        9
Miscellaneous
 C - a plain deck of changes
Comestibles
 e - a bread ration
 v - 6 fruits
 D - a meat ration


   Skills:
 - Level 3.6 Fighting
 + Level 5.8 Long Blades
 + Level 6.4 Armour
 + Level 6.3 Shields


You had 6 spell levels left.
You didn't know any spells.

Dungeon Overview and Level Annotations

Branches:
Dungeon (5/15)             Temple (0/1) D:4

Altars:
Ashenzari
Cheibriados
Dithmenos
Elyvilon
Fedhas
Gozag
Nemelex Xobeh
Vehumet

Shops:
D:4 =

Annotations:
D:4 orochimarko's ghost, average GrFi
D:5 shakdrar's ghost, average DsAK


Innate Abilities, Weirdness & Mutations

You reflexively headbutt those who attack you in melee.
You have a pair of horns on your head.


Message History

Orochimarko's ghost is almost destroyed.
You block orochimarko's ghost's attack.
Drink which item? (? for menu, Esc to quit)
It was a potion of degeneration.
There was something very wrong with that liquid.
You feel weakened. You block orochimarko's ghost's attack.
Drink which item? (? for menu, Esc to quit)
It was a potion of flight.
You feel very buoyant.
You fly up into the air.
Orochimarko's ghost says, "You can hit me, but you can't hurt me."
You block orochimarko's ghost's attack.
You hit orochimarko's ghost.
Orochimarko's ghost is almost destroyed.
You block orochimarko's ghost's attack.
You hit orochimarko's ghost but do no damage.
Orochimarko's ghost is almost destroyed.
Orochimarko's ghost hits you!
You die...

##...### #.>.##
...### .....###
###....### #
###....### #
####...#### #
###....#########
####..W@.....#
##........#
#........#
#.........#
#......##.. #
#### #......# #
§§≈≈≈≈ ########
≈≈≈§≈§ ≈§≈§≈≈


You could see orochimarko's ghost.

Vanquished Creatures
  2 ogres (D:5)
  2 crimson imps (D:5)
  An orc priest (D:5)
  Jessica (D:3)
  3 orc wizards
  3 worker ants (D:4)
  3 adders
  2 worms (D:4)
  8 giant geckos
  5 orcs (D:3)
  2 ball pythons (D:2)
  6 bats
  7 goblins
  9 hobgoblins
  3 jackals (D:1)
  10 kobolds
  2 quokkas
  2 giant newts
  4 rats
75 creatures vanquished.

Vanquished Creatures (others)
  The ghost of shakdrar the Grasshopper, an average SpWr (D:3)
  A hound (D:3)
  4 plants (D:1)
6 creatures vanquished.

Grand Total: 81 creatures vanquished

Notes
Turn   | Place    | Note
--------------------------------------------------------------
     0 | D:1      | KambridgeKobold the Minotaur Fighter began the quest for the Orb.
     0 | D:1      | Reached XP level 1. HP: 19/19 MP: 0/0
   295 | D:1      | Reached XP level 2. HP: 26/26 MP: 1/1
   419 | D:1      | Reached skill level 4 in Shields
   943 | D:2      | Reached XP level 3. HP: 28/31 MP: 2/2
  1240 | D:2      | Found an opulent altar of Gozag.
  1432 | D:2      | Found a blossoming altar of Fedhas.
  1483 | D:2      | Reached XP level 4. HP: 39/39 MP: 3/3
  1564 | D:2      | Found a white marble altar of Elyvilon.
  1564 | D:2      | Found a shadowy altar of Dithmenos.
  1565 | D:2      | Found a snail-covered altar of Cheibriados.
  1572 | D:2      | Became a worshipper of Cheibriados the Contemplative
  1770 | D:3      | Noticed Jessica
  1783 | D:3      | Killed Jessica
  1878 | D:3      | Reached XP level 5. HP: 39/45 MP: 4/4
  1881 | D:3      | Reached skill level 5 in Armour
  1911 | D:3      | Killed shakdrar's ghost
  2003 | D:3      | Acquired Cheibriados's first power
  2263 | D:3      | Found a radiant altar of Vehumet.
  2425 | D:4      | Found Umangami's Jewellery Shoppe.
  2481 | D:4      | Reached skill level 5 in Shields
  2510 | D:4      | Found a staircase to the Ecumenical Temple.
  2631 | D:4      | Noticed orochimarko's ghost (average GrFi)
  2675 | D:5      | Entered Level 5 of the Dungeon
  2953 | D:5      | Noticed an ogre
  2962 | D:5      | Killed an ogre
  2962 | D:5      | Reached skill level 5 in Long Blades
  2962 | D:5      | Reached XP level 6. HP: 36/51 MP: 5/5
  3082 | D:5      | Found a shattered altar of Ashenzari.
  3084 | D:5      | Noticed shakdrar's ghost (average DsAK)
  3086 | D:5      | Noticed an ice beast
  3180 | D:5      | Reached skill level 6 in Armour
  3245 | D:5      | Found a sparkling altar of Nemelex Xobeh.
  3253 | D:5      | Noticed an ogre
  3256 | D:5      | Killed an ogre
  3398 | D:5      | Reached XP level 7. HP: 57/57 MP: 6/6
  3503 | D:4      | Slain by orochimarko's ghost

Vault maps used:
D:1:      denvon_arrival_waterhouse, columned_hall_lemuel,
          minmay_misc_feat_alley, kennysheep_pointless_box,
          lexackson_kobold_supper
D:2:      grunt_gozag_statues, gammafunk_temple_overflow_claw, fedhas_altar_4
D:3:      fiery_altar_vehumet, minmay_misc_feat_tiny, uniq_jessica
D:4:      kennysheep_little_box, minmay_temple_entry_poolview, serial_shops,
          kennysheep_mini_moat, uniq_blork_the_orc, uniq_sigmund
D:5:      nicolae_ashenzari_panopticon, nemelex_deck, first_bread,
          uniq_crazy_yiuf_cottage

Action                   |  1- 3 |  4- 6 |  7- 9 || total
-------------------------+-------+-------+-------++-------
Melee: Long sword        |   119 |   138 |    35 ||   292
Invok: Bend Time         |       |       |     2 ||     2
  Use: Potion            |       |     1 |     2 ||     3
       Scroll            |       |     1 |       ||     1
  Eat: Chunk             |     2 |     4 |       ||     6
